 Dungeon Crawl Stone Soup version 0.29-a0-422-gafbd6decc1 (console) character file.

Game seed: 11952493893634531934

871 jejorda2 the Spear-Bearer (level 8, -1/64 HPs)
             Began as a Merfolk Fighter on May 18, 2022.
             Slain by a gnoll shaman
             ... wielding a +0 club
              (10 damage)
             ... on level 4 of the Dungeon.
             The game lasted 00:10:34 (3029 turns).

jejorda2 the Spear-Bearer (Merfolk Fighter)         Turns: 3029, Time: 00:10:35

Health: -1/64      AC:  8    Str: 18    XL:     8   Next: 3%
Magic:  8/8        EV:  9    Int:  7    God:
Gold:   935        SH: 10    Dex: 14    Spells: 7/7 levels left

rFire   . . .      SeeInvis .   a - +4 demon trident (venom)
rCold   . . .      Faith    .   c - +0 buckler
rNeg    . . .      Spirit   .   b - +0 scale mail
rPois   .          Reflect  +   g - +0 helmet
rElec   .          Harm     .   (no cloak)
rCorr   .          Rampage  .   (no gloves)
Will    .....                   (no boots)
Stlth   ..........              m - amulet of reflection
HPRegen 0.20/turn               (no ring)
MPRegen 0.11/turn               (no ring)

@: mighty
A: (nimble swimmer 2), mertail
a: no special abilities


You were on level 4 of the Dungeon.
You visited 1 branch of the dungeon, and saw 4 of its levels.

You collected 935 gold pieces.

Inventory:

Hand Weapons
 a - a +4 demon trident of venom (weapon)
 w - a +0 trident
Missiles
 e - 22 stones (quivered)
 j - 15 poisoned darts
 u - 3 boomerangs of dispersal
Armour
 b - a +0 scale mail (worn)
 c - a +0 buckler (worn)
 g - a +0 helmet (worn)
Jewellery
 m - an amulet of reflection (around neck)
Wands
 h - a wand of mindburst (12)
 p - a wand of digging (1)
Scrolls
 f - a scroll of teleportation
 i - 2 scrolls of enchant weapon
 l - 2 scrolls of identify
Potions
 o - a potion of curing
 q - 2 potions of attraction
 t - a potion of brilliance


   Skills:
 + Level 5.8 Fighting
 * Level 8.6 Polearms
 + Level 4.0 Armour
 - Level 3.0 Shields


You had 7 spell levels left.
You didn't know any spells.
Your spell library contained the following spells:

 Spells                   Type           Power      Damage    Failure   Level
 Shock                    Conj/Air       0%         1d3       88%         1
 Ignite Poison            Fire/Tmut/Pois 0%         N/A       99%         3
 Mephitic Cloud           Conj/Pois/Air  0%         N/A       99%         3
 Swiftness                Air            0%         N/A       99%         3
 Airstrike                Air            0%         N/A       100%        4
 Summon Lightning Spire   Summ/Air       0%         N/A       100%        4
 Freezing Cloud           Conj/Ice/Air   0%         6-21      100%        5
 Storm Form               Tmut/Air       0%         N/A       100%        7
 Maxwell's Capacitive Co  Air            0%         ∞         100%        8


Dungeon Overview and Level Annotations

Branches:
Dungeon (4/15)
 Temple: D:4-7

Altars:
Ru

Annotations:
D:4 3 runed translucent doors, Sweetruy1997's ghost, amateur DsCK


Innate Abilities, Weirdness & Mutations

((You are very nimble when in or above water. (Stealth+, EV+, Speed+++)))
Your lower body shifts to a powerful aquatic tail in water.


Message History

A gnoll shaman comes into view. It is wielding a +0 club.
Found a scroll labelled OWEODE HOCAGA.
The gnoll shaman shouts!
The gnoll hits you with a +0 club. The adder closely misses you.
The adder attacks as you move away! The adder bites you.
You are poisoned.
The adder poisons you!
You feel sick.
The gnoll shaman calls upon its god to speed up the gnoll.
The gnoll seems to speed up.
The gnoll attacks as you move away! The gnoll hits you but does no damage.
You feel sick. You block the gnoll's attack.
You feel sick.
You puncture the gnoll!
The gnoll is poisoned.
The gnoll is almost dead.
You feel sick.
You kill the gnoll!
You feel very mighty all of a sudden.
You feel sick.
You are no longer poisoned.
You block the adder's attack. The adder bites you but does no damage.
You miss the adder. The adder barely misses you.
You hit the adder.
The adder is severely wounded.
The adder bites you but does no damage.
You hit the adder.
You kill the adder!
The hound bites you but does no damage.
You have reached level 8!
You puncture the hound!
You kill the hound!
Your Armour skill increases to level 4!
You barely miss the gnoll shaman. You block the gnoll shaman's attack.
You closely miss the gnoll shaman. You barely miss the gnoll shaman.
You block the gnoll shaman's attack.
You closely miss the gnoll shaman.
The gnoll shaman hits you with a +0 club!
* * * LOW HITPOINT WARNING * * *
You barely miss the gnoll shaman.
The gnoll shaman hits you with a +0 club!
You die...

#.....####**..#**,
####..#,,,,....,*,
#..#,####..#,*,
#..#.......#,*,
#..........#,*,
#.###......*,*,
#...)g.....,,,,
####w###...#..,,*,
#@ggg......#,,,,*,
#######....#*,*,*,
*,,,,...#*,*,*,
*,*,,,...,,*,*,
*,*,***?.,,,,,,
*,*,***,#***,,,
*,*,,,,,* *,,,
*,**********,,,
*,* *,,,,,***+


You could see a gnoll shaman, a worm and 2 gnolls.

Vanquished Creatures
  Pikel (D:4)
  An ogre (D:2)
  A jelly (D:2)
  A hound (D:4)
  Ijyb (D:2)
  Jessica (D:2)
  Natasha (thrice) (D:3)
  7 gnolls (D:4)
  2 adders
  2 worms
  2 dart slugs
  An orc (D:3)
  7 endoplasms
  4 giant cockroaches
  14 goblins
  5 hobgoblins
  3 jackals (D:1)
  2 quokkas
  7 ball pythons
  5 bats
  3 frilled lizards
  5 kobolds
  6 rats
84 creatures vanquished.

Notes
Turn   | Place    | Note
-------+----------+-------------------------------------------
     0 | D:1      | jejorda2 the Merfolk Fighter began the quest for the Orb.
     0 | D:1      | Reached XP level 1. HP: 18/18 MP: 1/1
   112 | D:1      | Reached skill level 3 in Polearms
   280 | D:1      | Reached XP level 2. HP: 24/24 MP: 2/2
   366 | D:1      | You fall into a shaft and drop 1 floor!
   477 | D:1      | Found a faded altar of an unknown god.
   652 | D:1      | Reached XP level 3. HP: 29/29 MP: 3/3
   894 | D:2      | Reached skill level 4 in Polearms
   926 | D:2      | Noticed an ogre
   957 | D:2      | Killed an ogre
   958 | D:2      | Reached skill level 5 in Polearms
   958 | D:2      | Reached XP level 4. HP: 36/37 MP: 4/4
   958 | D:2      | Reached XP level 5. HP: 41/42 MP: 5/5
  1157 | D:2      | Noticed Ijyb
  1171 | D:2      | Killed Ijyb
  1582 | D:2      | Noticed Jessica
  1585 | D:2      | Killed Jessica
  1600 | D:2      | Reached skill level 6 in Polearms
  1600 | D:2      | Reached XP level 6. HP: 46/49 MP: 6/6
  1748 | D:3      | Found a sacrificial altar of Ru.
  1801 | D:3      | Noticed Natasha
  1810 | D:3      | Killed Natasha
  1990 | D:3      | Noticed Natasha
  2001 | D:3      | Killed Natasha
  2134 | D:3      | Noticed Natasha
  2142 | D:3      | Killed Natasha
  2642 | D:4      | Found a runed translucent gate.
  2643 | D:4      | Noticed Sweetruy1997's ghost (amateur DsCK)
  2646 | D:4      | Found a runed translucent gate.
  2647 | D:4      | Found a runed translucent gate.
  2649 | D:4      | Identified the +1 hunting sling of the Priest {vorpal,
                  | +Blink}
  2649 | D:4      | Identified the +2 scale mail "Rozuysh" {rC- Regen+ MP+9
                  | SInv}
  2653 | D:4      | Identified 2 scrolls of acquirement
  2653 | D:4      | Acquired a +3 demon trident of venom
  2661 | D:4      | Acquired 785 gold pieces
  2876 | D:4      | Noticed Pikel
  2891 | D:4      | Killed Pikel
  2892 | D:4      | Reached skill level 5 in Fighting
  2892 | D:4      | Reached skill level 8 in Polearms
  2892 | D:4      | Reached XP level 7. HP: 7/57 MP: 7/7
  3024 | D:4      | Reached XP level 8. HP: 15/64 MP: 8/8
  3029 | D:4      | Slain by a gnoll shaman

Illustrated notes

Levels and vault maps discovered:
D:1:      dpeg_arrival_pits, layout_rooms,
          shapermc_ecumenical_altar_mp_highgroup
D:2:      kennysheep_the_goblin_king, layout_basic, uniq_jessica
D:3:      layout_loops_cross, mainiacjoe_overflow_alcove_2, uniq_natasha
D:4:      layout_basic, nicolae_ossuary_entry_monument,
          biasface_ghost_orc_armoury, grunt_ministairs_12, uniq_pikel

Skill      XL: |  1  2  3  4  5  6  7  8 |
---------------+-------------------------+-----
Polearms       | 3 5 6 8 |  8.6
Fighting       | 4 5 |  5.8
Armour         | 3 4 |  4.0
Shields        | |  3.0

Action                   |  1- 3 |  4- 6 |  7- 9 || total
-------------------------+-------+-------+-------++-------
Melee: Trident           |   114 |   133 |       ||   247
       Demon trident     |       |    29 |    16 ||    45
Throw: Stone             |     7 |    24 |       ||    31
       Dart              |     4 |       |       ||     4
  Use: Scroll            |       |    10 |     1 ||    11
       Potion            |       |       |     4 ||     4
Armor: Scale mail        |    48 |    20 |     5 ||    73
Dodge: Dodged            |    47 |    37 |     3 ||    87
Block: Buckler           |    39 |    50 |     6 ||    95
       Reflection        |       |     1 |       ||     1

Table legend: (Time is in decaauts)
 A = Elapsed time spent in this place.
 B = Non-inter-level travel time spent in this place.
 C = Inter-level travel time spent in this place.
 D = Time resting spent in this place.
 E = Time spent auto-exploring this place.
 F = Levels seen in this place.
 G = Mean time per level.
                   A        B        C        D        E       F      G
               +--------+--------+--------+--------+--------+-----+--------+
         Total |   3037 |   2922 |    115 |     34 |   1965 |   4 |  759.2 |
       Dungeon |   3037 |   2922 |    115 |     34 |   1965 |   4 |  759.2 |
               +--------+--------+--------+--------+--------+-----+--------+

Top non-repeatable levels by time:
     D:2: 946 daAuts
     D:3: 895 daAuts
     D:1: 808 daAuts
     D:4: 387 daAuts
